 Dungeon Crawl Stone Soup version 0.31-a0-1071-gaead2f62b1 (webtiles) character file.

Game seed: 9940522649755632326

1598 Jeffwins the Cudgeller (level 8, -7/67 HPs)
             Began as an Armataur Monk on Nov 26, 2023.
             Mangled by a wyvern (13 damage)
             ... on level 7 of the Dungeon.
             The game lasted 00:08:32 (5962 turns).

Jeffwins the Cudgeller (Armataur Monk)              Turns: 5962, Time: 00:08:33

Health: -7/67      AC:  6    Str: 17    XL:     8   Next: 62%
Magic:  9/11       EV: 10    Int: 13    God:
Gold:   450        SH:  0    Dex: 12    Spells: 7/12 levels left

rFire   . . .        j - +1 flail (holy)
rCold   . . .        d - orb {light}
rNeg    + . .        p - +1 robe {Will+}
rPois   .            (no helmet)
rElec   .            (no cloak)
rCorr   +            b - +0 pair of gloves
SInv    .            (no barding)
Will    +....        g - amulet of regeneration
Stlth   +            N - ring of positive energy
HPRegen 1.11/turn    R - ring of resist corrosion
MPRegen 0.12/turn

%: roll
@: glowing
A: large, deformed body, tough skin 3, armoured tail, roll 2, long tongue
a: no special abilities


You were on level 7 of the Dungeon.
You visited 1 branch of the dungeon, and saw 7 of its levels.

You collected 472 gold pieces.
You spent 22 gold pieces at shops.


Innate Abilities, Weirdness & Mutations

Armour fits poorly on your strangely shaped body.
You have extremely tough skin. (AC +3)
You have a long armoured tail.
You roll and regenerate health when moving toward enemies. (Rampage Heal)
Your long tongue fully drains potion bottles. (2x potion effects)


   Skills:
 + Level 4.6 Fighting
 - Level 3.0 Long Blades
 * Level 5.2 Maces & Flails
 - Level 2.1 Dodging
 + Level 4.9 Stealth
 + Level 2.5 Spellcasting
 + Level 2.6 Translocations
 * Level 4.3 Ice Magic


You had 7 spell levels left.
You knew the following spells:

 Your Spells              Type           Power      Damage    Failure   Level
x - Frozen Ramparts       Ice            24%        1d4       12%         3
I - Blink                 Tloc           16%        N/A       12%         2

Your spell library contained the following spells:

 Spells                   Type           Power      Damage    Failure   Level
 Freeze                   Ice            48%        1d6       4%          1
 Lesser Beckoning         Tloc           16%        N/A       12%         2
 Momentum Strike          Conj/Tloc      10%        3d8       22%         2
 Hailstorm                Conj/Ice       7%         3d4       30%         3
 Static Discharge         Conj/Air       2%         3-4/arc   36%         2
 Airstrike                Air            0%         2d(1-17)  94%         4
 Summon Lightning Spire   Summ/Air       1%         N/A       94%         4

Inventory:

Hand Weapons
 f - a +0 long sword
 i - a +0 mace
 j - a +1 flail of holy wrath (weapon)
 n - a +1 short sword of protection
 t - a +0 short sword of venom
Missiles
 w - a throwing net {=f}
 x - 11 poisoned darts
Armour
 b - a +0 pair of gloves (worn)
 d - an orb of light (worn)
 p - a +1 robe of willpower (worn)
Jewellery
 g - an amulet of regeneration (around neck)
 v - the ring "Tacogrea" {rPois rF+ Int+2}
   (You took it off a gnoll on level 4 of the Dungeon)

   [ring of poison resistance]

   Int+2:     It affects your intelligence (+2).
   rF+:       It protects you from fire.
   rPois:     It protects you from poison
 N - a ring of positive energy (left hand)
 R - a ring of resist corrosion (right hand)
Wands
 E - a wand of polymorph (3)
Scrolls
 a - 2 scrolls of enchant weapon
 e - a scroll of acquirement {unknown}
 h - 2 scrolls of revelation
 l - a scroll of blinking {unknown}
 m - a scroll of immolation {!r}
 q - a scroll of amnesia {unknown}
 r - a scroll of vulnerability {!r}
 s - a scroll of brand weapon {unknown}
 y - a scroll of teleportation {unknown}
Potions
 c - a potion of ambrosia
 k - a potion of haste {@q3}
 o - a potion of might {unknown}
 u - 2 potions of curing {@q1}
 z - a potion of resistance {unknown}
 A - a potion of mutation {unknown}
 B - a potion of brilliance {unknown}
 C - a potion of invisibility {unknown}
 D - 2 potions of attraction {unknown}

Dungeon Overview and Level Annotations

Branches:
Dungeon (7/15)
 Temple: D:4-7

Altars:
Qazlal
Ru
Wu Jian
Xom
Yredelemnul

Shops:
D:1 ?([:: D:3

* ... . #..
##+#
..##..##..#
..........#
..........#
..........#
..........#
......l@..#
......##..#
..##.
#..##+####
#..##........#
..............#
....##..##....#
... #+###....##
.. ..........#
. ..........#


You could see a wyvern.


Message History

You are too injured to fight recklessly!
Unknown command.
You hit the wyvern.
The wyvern is heavily wounded.
The wall freezes the wyvern but does no damage.
The wyvern bites you.
* * * LOW HITPOINT WARNING * * *
The wall freezes the wyvern but does no damage.
The wyvern bites you!
* * * LOW HITPOINT WARNING * * *
Unknown command.
You sock the wyvern!
Your tail-slap misses the wyvern.
The wyvern is almost dead.
The frozen ramparts melt away.
The wyvern bites you!
* * * LOW HITPOINT WARNING * * *
The wyvern barely misses you.
Unknown command.
Unknown command.
Okay, then.
Unknown command.
Okay, then.
Unknown command.
You completely miss the wyvern.
The wyvern is almost dead.
The wyvern barely misses you.
Unknown command.
You barely miss the wyvern.
The wyvern is almost dead.
The wyvern bites you!
You die...

Skill      XL: |  1  2  3  4  5  6  7  8 |
---------------+-------------------------+-----
Long Blades    | 3 |  3.0
Stealth        | 1 2 3 4 |  4.9
Maces & Flails | 1 2 3 4 5 |  5.2
Fighting       | 3 4 |  4.6
Ice Magic      | 1 2 3 4 |  4.3
Spellcasting   | 1 2 |  2.5
Translocations | 1 2 |  2.6
Dodging        | |  2.1

Action                     |  1- 3 |  4- 6 |  7- 9 || total
---------------------------+-------+-------+-------++-------
  Melee: Long sword        |    82 |    73 |       ||   155
         Tailslap          |     7 |    21 |    24 ||    52
         Flail             |       |    62 |   140 ||   202
   Cast: Frozen Ramparts   |       |       |     3 ||     3
    Use: Scroll            |     2 |       |     2 ||     4
         Potion            |       |     4 |       ||     4
   Stab: Sleeping          |       |     2 |     1 ||     3
 Armour: Robe              |    40 |    88 |   125 ||   253
  Dodge: Dodged            |    33 |    77 |    63 ||   173

Levels and vault maps discovered:
D:1:      lemuel_arrival_hallway, layout_basic, serial_shops,
          nicolae_square_shop, nicolae_shop_temple_entry_statues_fountains,
          shop, nicolae_square_shop, nicolae_shop_statue_plus
D:2:      layout_loops_ring, nicolae_ecumenical_lake_church, minivault_11,
          kennysheep_crisscross
D:3:      layout_loops_cross, jmf_multi_god_temple2, serial_shops, shop,
          uniq_jessica
D:4:      layout_basic, nicolae_qazlal_scattered_showers,
          mainiacjoe_overflow_concentric_impassable,
          hangedman_decor_diamond_cutter
D:5:      layout_basic, minmay_misc_feat_doors, kennysheep_decorative_pillar
D:6:      layout_rooms, xom_confusion_cloud, kennysheep_cross_room
D:7:      layout_gridville, minmay_temple_entry_statues_pillars,
          corexii_leaking_fountain, nicolae_shop_gadgets, uniq_maurice

Notes
Turn   | Place    | Note
-------+----------+-------------------------------------------
     0 | D:1      | Jeffwins the Armataur Monk began the quest for the Orb.
     0 | D:1      | Reached XP level 1. HP: 18/18 MP: 1/1
   302 | D:1      | Found Vyecamy's Weapon Shoppe.
   428 | D:1      | Found Yleppiud's Magic Scroll Shoppe.
   435 | D:1      | Bought a scroll of identify for 22 gold pieces
   466 | D:1      | Reached skill level 3 in Long Blades
   466 | D:1      | Reached skill level 1 in Stealth
   466 | D:1      | Reached XP level 2. HP: 17/25 MP: 2/2
   499 | D:1      | Found Hialum's Antique Armour Shop.
   562 | D:1      | Reached skill level 1 in Maces & Flails
   568 | D:1      | Reached skill level 3 in Fighting
   574 | D:1      | Found Deany's Book Shoppe.
   581 | D:1      | Found Buxko Jio's Book Boutique.
   634 | D:1      | Reached XP level 3. HP: 31/31 MP: 3/3
  1091 | D:2      | Reached skill level 2 in Stealth
  1158 | D:2      | Reached XP level 4. HP: 32/38 MP: 4/4
  1319 | D:2      | Reached skill level 2 in Maces & Flails
  1580 | D:2      | Found a faded altar of an unknown god.
  2089 | D:3      | Noticed Jessica
  2091 | D:3      | Killed Jessica
  2177 | D:3      | Learned a level 3 spell: Frozen Ramparts
  2337 | D:3      | Found a large runed translucent door.
  2337 | D:3      | Found a large runed translucent door.
  2377 | D:3      | Found Mogumub's General Store.
  2621 | D:3      | Found an ornate altar of the Wu Jian Council.
  2631 | D:3      | Found a basalt altar of Yredelemnul.
  2713 | D:4      | Noticed a scorpion
  2717 | D:4      | Killed a scorpion
  2718 | D:4      | Reached XP level 5. HP: 37/45 MP: 5/5
  2779 | D:4      | Reached skill level 1 in Ice Magic
  3024 | D:3      | Reached skill level 3 in Maces & Flails
  3024 | D:3      | Reached skill level 3 in Stealth
  3139 | D:4      | Found a stormy altar of Qazlal.
  3216 | D:4      | Reached skill level 1 in Spellcasting
  3216 | D:4      | Reached XP level 6. HP: 44/52 MP: 7/7
  3450 | D:4      | Found a sacrificial altar of Ru.
  3752 | D:4      | Learned a level 2 spell: Blink
  4030 | D:4      | Identified the ring "Tacogrea" {rPois rF+ Int+2}
  4036 | D:4      | Reached skill level 2 in Ice Magic
  4077 | D:5      | Entered Level 5 of the Dungeon
  4318 | D:5      | Noticed an ice beast
  4325 | D:5      | Killed an ice beast
  4326 | D:5      | Gained mutation: You roll and regenerate health when moving
                  | toward enemies. (Rampage Heal) [Armataur growth]
  4326 | D:5      | Reached XP level 7. HP: 29/58 MP: 7/9
  4389 | D:5      | Reached skill level 4 in Fighting
  4389 | D:5      | Reached skill level 1 in Translocations
  4398 | D:5      | Reached skill level 4 in Maces & Flails
  5092 | D:6      | Reached skill level 4 in Stealth
  5092 | D:6      | Reached skill level 3 in Ice Magic
  5187 | D:6      | Reached skill level 2 in Spellcasting
  5229 | D:6      | Reached XP level 8. HP: 43/66 MP: 7/11
  5299 | D:6      | Reached skill level 2 in Translocations
  5482 | D:6      | Found a shimmering altar of Xom.
  5561 | D:6      | Reached skill level 4 in Ice Magic
  5732 | D:6      | Reached skill level 5 in Maces & Flails
  5960 | D:7      | HP: 4/67 [wyvern (14)]
  5962 | D:7      | Mangled by a wyvern

Vanquished Creatures
  2 sky beasts (D:6)
  A black bear (D:6)
  An orc warrior (D:5)
  2 ice beasts
  An ogre (D:6)
  A phantom (D:6)
  2 bullfrogs (D:6)
  2 scorpions (D:4)
  A gnoll bouda (D:3)
  6 hounds
  3 jellies
  Jessica (D:3)
  An orc wizard (D:5)
  4 iguanas
  6 adders
  6 gnolls
  A white imp (D:6)
  2 ufetubi (D:5)
  4 dart slugs
  8 orcs
  4 ball pythons
  5 bats
  5 endoplasms
  3 giant cockroaches
  4 goblins
  9 hobgoblins
  3 quokkas
  7 frilled lizards
  8 kobolds
  5 rats
108 creatures vanquished.

Vanquished Creatures (others)
  3 black bears (D:6)
  A centaur (D:6)
  A bullfrog (D:6)
  3 adders (D:6)
8 creatures vanquished.

Grand Total: 116 creatures vanquished

Table legend: (Time is in decaauts)
 A = Elapsed time spent in this place.
 B = Non-inter-level travel time spent in this place.
 C = Inter-level travel time spent in this place.
 D = Time resting spent in this place.
 E = Time spent auto-exploring this place.
 F = Levels seen in this place.
 G = Mean time per level.
                   A        B        C        D        E       F      G
               +--------+--------+--------+--------+--------+-----+--------+
         Total |   6017 |   5716 |    301 |    208 |   4503 |   7 |  859.6 |
       Dungeon |   6017 |   5716 |    301 |    208 |   4503 |   7 |  859.6 |
               +--------+--------+--------+--------+--------+-----+--------+

Top non-repeatable levels by time:
     D:4: 1251 daAuts
     D:2: 1061 daAuts
     D:5: 1013 daAuts
     D:1: 975 daAuts
     D:6: 860 daAuts
     D:3: 813 daAuts
     D:7: 41 daAuts

Table legend:
 A = Non-vault XP
 B = Vault XP
 C = Vault XP percentage of total XP
 D = Non-vault monster count
 E = Vault monster count
 F = Vault count percentage of total count
                 A         B        C        D         E       F
            +---------+---------+-------+---------+---------+-------
      Total |    1973 |     311 |  13.6 |     101 |       7 |   6.5
            +---------+---------+-------+---------+---------+-------
        D:1 |      53 |       0 |   0.0 |      23 |       0 |   0.0
        D:2 |      72 |       0 |   0.0 |      21 |       0 |   0.0
        D:3 |      67 |      40 |  37.4 |       8 |       3 |  27.3
        D:4 |     309 |       0 |   0.0 |      16 |       0 |   0.0
        D:5 |     560 |       0 |   0.0 |      20 |       0 |   0.0
        D:6 |     912 |     271 |  22.9 |      13 |       4 |  23.5
            +---------+---------+-------+---------+---------+-------
